Map: Dreamcatcher LE

Players

JEagle - Winner!

  • Race: Zerg Zerg
  • League: Silver
  • Spawn Location: 5:00

meowmeowcute

  • Race: Protoss Protoss
  • Spawn Location: 11:00

VOD

Have the link to the VOD?

Description

Time

  • Played on: June 25, 2018, 2:40 p.m.
  • Length: 14:48
Show
View Real Time Build Order
Export as new Build Order

JEagle Zerg - Winner!

Build Orders: Pool First, Lurkers 

Get SALT Encoding   

  12  0:02  Drone  
  13  0:25  Spawning Pool  
  13  0:26  Drone  
  13  0:30  Drone  
  14  0:41  Overlord  
  14  1:00  Drone x3  
  17  1:10  Evolution Chamber  
  16  1:11  Queen  
  16  1:12  Drone  
  19  1:22  Overlord  
  19  1:47  Extractor  
  18  1:59  Drone x3  
  21  2:20  Drone  
  22  2:29  Drone  
  24  2:30  Drone x3  
  24  2:31  Roach Warren  
  25  2:39  Drone  
  26  2:48  Drone  
  27  2:51  Extractor  
  26  3:02  Spine Crawler  
  26  3:05  Hatchery  
  24  3:11  Lair  
  24  3:23  Roach x3  
  30  3:43  Overlord  
  30  3:54  Hatchery  
  29  4:08  Drone  
  29  4:09  Evolution Chamber, Drone x2  
  31  4:14  Evolution Chamber  
  30  4:19  Drone x2  
  30  4:20  Drone  
  33  4:27  Queen  
  35  4:33  Drone  
  36  4:41  Hydralisk Den  
  35  4:46  Drone x2  
  35  4:49  Drone  
  38  5:03  Drone  
  39  5:13  Hydralisk  
  39  5:14  Hydralisk x3  
  47  5:21  Grooved Spines  
  47  5:24  Drone  
  47  5:28  Overlord  
  48  5:34  Queen  
  50  5:47  Drone x4  
  50  5:49  Overlord  
  54  5:54  Extractor  
  54  5:56  Extractor  
  52  5:57  Drone  
  52  6:00  Drone  
  52  6:01  Drone x2  
  56  6:05  Zerg Missile Weapons Level 1  
  56  6:10  Zerg Ground Armor Level 1  
  56  6:16  Drone x3  
  56  6:17  Drone  
  60  6:24  Drone  
  61  6:32  Infestation Pit  
  61  6:36  Drone  
  61  6:37  Drone x2  
  61  6:39  Lurker Den  
  62  6:41  Drone x2  
  62  6:43  Drone x2  
  62  6:46  Overlord  
  66  6:56  Muscular Augments  
  66  7:18  Drone x3  
  66  7:20  Drone x3  
  66  7:21  Drone  
  73  7:31  Spire  
  73  7:33  Hydralisk  
  73  7:36  Overlord x3  
  74  7:59  Hydralisk x5  
  74  8:00  Hydralisk x4  
  74  8:01  Hydralisk x2  
  96  8:07  Zerg Missile Weapons Level 2  
  96  8:24  Extractor  
  96  8:27  Extractor  
  94  8:46  Zerg Ground Armor Level 2  
  94  8:49  Hive  
  94  8:53  Zergling x2  
  95  9:12  Overseer  
  95  9:21  Zerg Flyer Weapons Level 1  
  95  9:24  Hydralisk  
  95  9:27  Overlord x5  
  97  9:44  Hatchery  
  96  10:02  Drone x3  
  99  10:20  Hydralisk x6  
  99  10:21  Hydralisk x5  
  111  10:22  Hydralisk x3  
  111  10:27  Lurker  
  111  10:28  Lurker x2  
  130  10:29  Lurker x2  
  130  10:30  Lurker  
  133  11:04  Zergling x10  
  135  11:05  Zergling x8  
  111  11:40  Mutalisk  
  111  11:41  Mutalisk x6  
  111  11:42  Mutalisk x2  
  99  12:33  Hydralisk x5  
  99  12:34  Hydralisk x4  
  101  13:08  Zergling x10  
  101  13:09  Zergling x8  
  104  13:57  Queen  
  106  14:10  Hydralisk x6  
  106  14:11  Hydralisk x6  
Show
View Real Time Build Order
Export as new Build Order

meowmeowcute Protoss 

Build Orders:  

Get SALT Encoding   

  12  0:11  Probe  
  12  0:15  Pylon  
  13  0:24  Probe  
  14  0:37  Gateway  
  14  0:38  Probe  
  15  0:47  Assimilator  
  15  0:51  Probe  
  16  1:00  Probe  
  17  1:08  Probe  
  17  1:17  Probe  
  19  1:31  Cybernetics Core  
  19  1:36  Pylon  
  19  1:44  Probe  
  20  1:52  Assimilator  
  20  1:56  Probe  
  21  2:07  Gateway  
  21  2:18  Probe  
  21  2:26  Zealot, Probe  
  23  2:36  Probe  
  24  2:42  Warp Gate  
  25  2:45  Stargate  
  25  2:48  Probe  
  26  2:53  Zealot  
  26  2:56  Zealot  
  30  3:00  Probe  
  31  3:09  Pylon  
  31  3:22  Pylon  
  31  3:27  Probe  
  31  3:31  Void Ray, Forge  
  36  3:39  Probe  
  37  3:46  Pylon  
  37  3:48  Pylon  
  37  3:51  Zealot, Probe  
  40  4:02  Probe, Stargate  
  41  4:10  Probe  
  42  4:18  Probe  
  43  4:30  Probe  
  44  4:34  Oracle  
  47  4:42  Probe  
  48  4:53  Fleet Beacon  
  48  4:54  Probe  
  49  5:06  Oracle  
  52  5:20  Adept  
  52  5:21  Gateway  
  54  5:22  Adept  
  56  5:28  Nexus  
  56  5:42  Assimilator  
  56  5:46  Assimilator  
  56  5:47  Adept  
  58  5:51  Pylon  
  58  5:59  Probe  
  59  6:07  Probe  
  60  6:12  Tempest  
  60  6:16  Probe  
  66  6:24  Probe  
  68  6:33  Probe  
  69  6:44  Probe  
  69  6:46  Adept  
  72  6:47  Adept  
  72  6:53  Tempest  
  80  6:56  Probe  
  82  7:08  Probe  
  82  7:20  Probe  
  83  7:58  Nexus  
  83  8:09  Pylon, Mothership  
  83  8:12  Pylon  
  83  8:13  Protoss Shields Level 1  
  83  8:21  Assimilator  
  83  8:25  Assimilator  
  83  8:37  Pylon  
  91  8:43  Pylon  
  91  8:44  Adept  
  91  8:45  Adept  
  95  8:49  Tempest  
  95  8:54  Tempest  
  107  9:05  Pylon x2  
  107  9:07  Pylon, Graviton Catapult  
  107  9:15  Adept  
  107  9:16  Adept  
  111  9:25  Probe  
  112  9:33  Probe  
  112  9:34  Carrier  
  113  9:40  Adept  
  113  9:41  Adept x2  
  113  9:42  Probe  
  126  9:54  Probe  
  127  10:00  Carrier  
  127  10:01  Adept  
  127  10:02  Adept  
  127  10:03  Adept  
  127  10:06  Probe  
  134  10:12  Probe  
  140  10:20  Probe  
  142  10:29  Probe  
  143  10:39  Protoss Ground Armor Level 1  
  143  10:40  Protoss Air Armor Level 1  
  143  10:44  Adept x2  
  147  11:05  Probe  
  148  11:24  Probe  
  104  11:36  Probe  
  69  11:48  Probe  
  69  11:50  Adept  
  69  11:51  Adept x2  
  70  12:00  Probe  
  59  12:21  Stalker x2  
  59  12:22  Stalker  
  65  12:24  Probe  
  66  12:32  Probe  
  67  12:42  Probe  
  59  12:49  Nexus  
  59  12:50  Stalker  
  62  12:51  Stalker  
  62  12:54  Probe  
  63  13:03  Stalker  
  61  13:06  Probe  
  56  13:15  Probe  
  57  13:23  Probe  
  57  13:25  Probe  
  53  13:34  Zealot  
  51  13:41  Assimilator  
  51  13:45  Assimilator  
  46  13:54  Probe  
  46  14:02  Probe  
  40  14:11  Probe  
  40  14:12  Pylon  
  40  14:13  Probe  
  40  14:15  Gateway  
  36  14:18  Gateway  
  36  14:21  Probe  
  36  14:23  Probe  
  31  14:30  Probe  
Tags
 
Composition
Lurkers
League
Silver
Matchup
PvZ
Opening
Pool First
Spawn Locations
Cross Positions
Add a new tag
Caveats
  • Supply blocks, unpowered buildings, or Contaminate may cause inaccurate times.
  • Supply counts are checked every 10 seconds.